AoeStats
← KDPC

Arabia

508550161Analyzed
1v1 RM · 10d ago on Sep 23, 2026· 40m 3s· 2 players
Game mode
Random Map
Map size
Tiny (2 player)
Population
200
Speed
Normal
Resources
Standard
Victory
Conquest
Starting age
Dark Age
Ending age
Imperial Age
RankedLock teamsTeams togetherTeam positionsShared explorationLock speedFull tech treeHidden civsTurbo modeCheats
Victory
Defeat
🇵🇪 Inca · Peru
324
+10
🇺🇾 Spanish · Uruguay
199
-10
KDPC
0:42 Loom
14:50 Feudal Age
18:02 Wheelbarrow
17:14 Town Watch
19:15 Man-at-Arms
19:41 Arson
21:14 Horse Collar
23:03 Forging
22:54 Scale Mail Armor
23:00 Scale Barding Armor
22:46 Fletching
22:57 Padded Archer Armor
26:42 Double-Bit Axe
28:38 Bloodlines
33:33 Castle Age
31:41 Stone Mining
34:55 Iron Casting
34:36 Chain Mail Armor
34:53 Long Swordsman
35:19 Gambesons
36:19 Husbandry
37:36 Chain Barding Armor
37:43 Pikeman
38:24 Squires
38:43 Elite Skirmisher
renatoherrera1999
10:41 Feudal Age
11:42 Double-Bit Axe
14:25 Wheelbarrow
13:37 Loom
14:30 Champi Runner
17:18 Horse Collar
23:10 Forging
27:30 Castle Age
25:36 Gold Mining
26:42 Forging
28:41 Champi Warrior
29:29 Scale Mail Armor
30:29 Heavy Plow
30:42 Bow Saw
31:49 Hand Cart
31:58 Hand Cart
33:10 Chain Mail Armor
34:51 Pikeman
35:35 Squires
41:10 Imperial Age
Connection lost

Rejoining the realm…

Still unreachable

The connection could not be restored.

Session expired

The server has moved on; the page needs a fresh start.